 Dungeon Crawl Stone Soup version 0.20.1-1-g8b1a95d (webtiles) character file.

26963 Anon1729 the Destroyer (level 13, -11/71 HPs)
             Began as an Octopode Earth Elementalist on Nov 12, 2017.
             Was a High Priest of Sif Muna.
             Mangled by a dream sheep (20 damage)
             ... on level 6 of the Lair of Beasts.
             The game lasted 01:30:26 (21927 turns).

Anon1729 the Destroyer (OpEE)                      Turns: 21927, Time: 01:30:27

Health: -11/71     AC:  3    Str: 12    XL:     13   Next: 29%
Magic:  15/30      EV: 15    Int: 22    God:    Sif Muna [*****.]
Gold:   1573       SH:  0    Dex: 12    Spells: 4/32 levels left

rFire    + . .     SeeInvis .   g - +1 dagger (speed)
rCold    x . .     Gourm    +   (no shield)
rNeg     + . .     Faith    .   M - +0 hat
rPois    .         Spirit   .   Y - amulet of the gourmand
rElec    .         Reflect  .   l - ring of resist corrosion
rCorr    +         Harm     .   p - ring of positive energy
MR       +....                  v - +4 ring of strength
Stlth    ++++......             w - ring of flight
Regen    0.3/turn               G - ring of fire
MPRegen  0.3/turn               (no ring)
                                (no ring)
                                (no ring)

@: sleeping, very slightly contaminated, divine energy
A: almost no armour, stealthy swim, amphibious, 8 rings, constrict 8, tentacle
spike 1, molten scales 1, camouflage 1, high mp 1, magic resistance 1,
gelatinous body 1
a: Stop Divine Energy, Channel Magic, Forget Spell, Renounce Religion, Evoke
Flight


You were on level 6 of the Lair of Beasts.
You worshipped Sif Muna.
Sif Muna was extremely pleased with you.
You were not hungry.

You visited 3 branches of the dungeon, and saw 17 of its levels.
You also visited: Bailey and Volcano.

You collected 1678 gold pieces.
You spent 105 gold pieces at shops.

Inventory:

Hand Weapons
 e - a +2 great mace of flaming
 g - a +1 dagger of speed (weapon)
 s - a +3 dagger
 I - the +0 war axe of Purpose {pain, rElec Int+5 SInv}
   (You found it on level 9 of the Dungeon)

   In the hands of one skilled in necromantic magic, it inflicts extra damage on
   living creatures.
   It affects your intelligence (+5).
   It insulates you from electricity.
   It lets you see invisible.
 N - the +7 trident "Ezxioxic" {speed, rC+}
   (You found it on level 7 of the Dungeon)

   Attacks with this weapon are significantly faster.
   It protects you from cold.
Missiles
 b - 200 stones (quivered)
Armour
 M - a +0 hat (worn)
Jewellery
 l - a ring of resist corrosion (left tentacle)
 p - a ring of positive energy (right tentacle)
 v - a +4 ring of strength (on tentacle)
 w - a ring of flight (on tentacle)
 G - a ring of fire (on tentacle)
 Y - an amulet of the gourmand (around mantle)
Wands
 r - a wand of digging (18/24)
 L - a wand of lightning (0/15)
 Q - a wand of polymorph (11/24)
Scrolls
 d - 2 scrolls of enchant weapon
 j - 4 scrolls of immolation {unknown}
 m - a scroll of enchant armour
 n - a scroll of holy word {unknown}
 o - 2 scrolls of teleportation
 q - a scroll of fog
 t - 9 scrolls of remove curse
 y - 3 scrolls of fear
 C - a scroll of acquirement {unknown}
 D - 3 scrolls of blinking
 H - a scroll of identify
 S - 3 scrolls of magic mapping
Potions
 a - a potion of haste {unknown}
 h - 7 potions of curing
 k - 2 potions of agility {unknown}
 x - 2 potions of flight {unknown}
 z - 2 potions of lignification
 A - a potion of mutation {unknown}
 B - 2 potions of berserk rage {unknown}
 F - a potion of magic
 J - 3 potions of heal wounds
 P - 2 potions of brilliance
 R - 2 potions of degeneration {unknown}
 W - 2 potions of might {unknown}
Books
 E - Sick's Incunabulum of Harmful Flames
   (Sif Muna gifted it to you on level 5 of the Lair of Beasts)

   Spells                             Type                      Level
   a - Flame Tongue                   Conjuration/Fire             1
   b - Searing Ray                    Conjuration                  2
   c - Mephitic Cloud                 Conjuration/Poison/Air       3
   d - Sticky Flame                   Conjuration/Fire             4
   e - Iskenderun's Mystic Blast      Conjuration                  4
Comestibles
 c - 9 bread rations
 f - a fruit
 i - 6 royal jellies
 u - 10 meat rations


   Skills:
 - Level 3.1 Short Blades
 - Level 4.6 Dodging
 - Level 7.4 Stealth
 + Level 10.4 Spellcasting
 * Level 11.4 Conjurations
 - Level 4.0 Transmutations
 + Level 5.1 Fire Magic
 + Level 11.4 Earth Magic
 + Level 5.0 Invocations


You had 4 spell levels left.
You knew the following spells:

 Your Spells              Type           Power        Failure   Level  Hunger
a - Sandblast             Erth           ######       1%          1    None
b - Stone Arrow           Conj/Erth      ######       1%          3    None
c - Lee's Rapid Deconstr  Erth           ######....   1%          5    ####...
d - Petrify               Tmut/Erth      #####...     2%          4    #......
e - Conjure Flame         Conj/Fire      ######..     1%          3    None
f - Bolt of Magma         Conj/Fire/Erth ######....   3%          5    ####...
g - Iskenderun's Mystic   Conj           ######..     1%          4    #......
h - Mephitic Cloud        Conj/Pois/Air  ####....     3%          3    None


Dungeon Overview and Level Annotations

Branches:
Dungeon (10/15)            Temple (1/1) D:7            Lair (6/6) D:9
 Shoals (0/4) Lair:3       Spider (0/4) Lair:4        Slime (0/5) Lair:6
    Orc: D:9-12

Altars:
Ashenzari
Cheibriados
Dithmenos
Elyvilon
Fedhas
Gozag
Hepliaklqana
Kikubaaqudgha
Makhleb
Nemelex Xobeh
Okawaru
Qazlal
Ru
Sif Muna
Trog
Uskayaw
Vehumet
Xom
Yredelemnul
Zin
The Shining One

Shops:
D:5 ?   D:7 !

Annotations:
D:2 exclusion: downstairs
Lair:3 exclusion: downstairs


Innate Abilities, Weirdness & Mutations

You cannot wear most types of armour.
You are very stealthy in the water. (Stealth+)
You are amphibious.
You can wear up to eight rings at the same time.
You can use your tentacles to constrict eight enemies at once.
Your skin changes colour to match your surroundings (Stealth+).
Your rubbery body absorbs attacks. (AC +1, EV +1)
One of your tentacles bears a spike.
You are partially covered in molten scales. (AC +2)
You have an increased reservoir of magic. (+10% MP)
You are resistant to hostile enchantments. (MR+)


Message History

Aim: a dream sheep You feel a surge of power!
You miscast Bolt of Magma.
Sif Muna protects you from the effects of your miscast!
The dream sheep are wreathed in dream dust.
You feel drowsy...
You fall asleep.
The dream sheep closely misses you. The dream sheep misses you.
The dream sheep bites you!
You wake up.
* * * LOW HITPOINT WARNING * * *
The dream sheep barely misses you. The dream sheep bites you.
* * * LOW HITPOINT WARNING * * *
Unknown command.
Blink to where?
Press: ? - help, Dir - move target cursor, p - dream sheep You are very lightly contaminated with residual magic.
As you read the scroll of blinking, it crumbles to dust.
There is a stone staircase leading up here.
The dream sheep shake their wool and sparkle.
You feel drowsy...
You fall asleep.
The dream sheep bites you!!
You die...

##.§..#
#..#..#†......#**,,
#.§..#
#....##....#...#*,,
##.≈§.#
#...####........Y,,
##..≈.# #...#
###..#....**
.#.≈≈.##### #.Y###
*#..####,*
#.§≈...#.P#####P...#
*### ***
##"§..##....#.#YY###
#.≈.###.....###.#
###.###....###Y@#
##.#........P.#
##...........#
###....##.#.#
#####.#..##.####
###.##.##...###
.....#.....##
..#P......##
##.........#


You could see 4 dream sheep.

Vanquished Creatures
  The ghost of Peacelily the Severer, a journeyman HOMo of Beogh (Volcano)
  A hydra (Lair:2)
  Erica (D:9)
  A two-headed ogre (D:10)
  A lindwurm (Lair:6)
  A necromancer (Lair:3)
  A gargoyle (D:10)
  A merfolk siren (Lair:3)
  An elephant (D:9)
  10 spiny frogs
  2 molten gargoyles (Volcano)
  5 black mambas
  An efreet (Volcano)
  3 komodo dragons
  2 rime drakes
  7 dream sheep
  10 blink frogs
  4 hippogriffs
  Sigmund (D:3)
  13 yaks
  A redback (Lair:4)
  3 fire elementals (Volcano)
  6 fire bats (Volcano)
  2 wyverns
  A basilisk (Lair:2)
  A hungry ghost (D:7)
  8 water moccasins
  11 porcupines
  Duvessa (D:7)
  5 ice beasts
  2 sky beasts (D:9)
  3 orc warriors (Bailey)
  2 phantoms
  A black bear (Lair:2)
  An ogre (D:6)
  4 centaurs
  17 crocodiles
  3 big kobolds
  4 bullfrogs
  A water moccasin zombie (D:8)
  An earth elemental (Volcano)
  Dowan (D:7)
  2 scorpions
  5 wights
  2 electric eels (Lair:1)
  7 howler monkeys
  4 crimson imps
  6 lava snakes (Volcano)
  2 quasits (D:8)
  2 bullfrog zombies
  4 jellies
  A hound (D:10)
  6 orc priests
  A bullfrog skeleton (D:4)
  5 orc wizards
  A centaur zombie (D:9)
  Terence (D:2)
  3 iguanas
  7 worker ants
  A wolf simulacrum (Lair:3)
  2 yak simulacra (Lair:3)
  6 polar bear simulacra (Lair:3)
  2 hound skeletons
  3 worker ant zombies
  16 adders
  2 shadow imps
  3 worms
  2 dart slugs
  3 leopard geckos
  22 orcs
  2 ball pythons
  5 giant cockroaches
  10 goblins
  12 hobgoblins
  6 jackals
  31 kobolds
  3 quokkas
  11 bats
  10 frilled lizards
  3 leopard gecko skeletons
  9 rats
  2 river rat simulacra (Lair:3)
371 creatures vanquished.

Vanquished Creatures (others)
  A fungus (Lair:2)
1 creature vanquished.

Grand Total: 372 creatures vanquished

Notes
Turn   | Place    | Note
-------+----------+-------------------------------------------
     0 | D:1      | Anon1729 the Octopode Earth Elementalist began the quest for the Orb.
     0 | D:1      | Reached XP level 1. HP: 11/11 MP: 3/3
   218 | D:1      | Reached XP level 2. HP: 17/17 MP: 5/5
   807 | D:1      | Reached XP level 3. HP: 21/21 MP: 6/6
  1346 | D:2      | Noticed Terence
  1411 | D:2      | Found a shimmering altar of Xom.
  1527 | D:3      | Learned a level 3 spell: Stone Arrow
  1588 | D:3      | Reached XP level 4. HP: 26/27 MP: 5/7
  1645 | D:3      | Found a snail-covered altar of Cheibriados.
  1661 | D:3      | Noticed Sigmund
  2137 | D:3      | Reached XP level 5. HP: 13/31 MP: 2/9
  3269 | D:4      | Reached XP level 6. HP: 36/36 MP: 8/11
  3394 | D:4      | Got a polished flail
  3395 | D:4      | Identified the +8 flail of Destiny {antimagic, *Corrode rPois rN++ Str+4} (You found it on level 4 of the Dungeon)
  3489 | D:4      | Noticed a phantom
  3535 | D:4      | HP: 1/36 [phantom (9)]
  3548 | D:4      | Killed a phantom
  3834 | D:4      | Found a sacrificial altar of Ru.
  3866 | D:4      | Reached skill level 5 in Earth Magic
  4162 | D:4      | Reached XP level 7. HP: 41/41 MP: 9/13
  4478 | D:2      | Killed Terence
  5368 | D:3      | Learned a level 5 spell: Lee's Rapid Deconstruction
  5373 | D:3      | Learned a level 4 spell: Petrify
  5408 | D:5      | Entered Level 5 of the Dungeon
  5437 | D:5      | Found a deep blue altar of Sif Muna.
  5444 | D:5      | Became a worshipper of Sif Muna the Loreminder
  5742 | D:5      | Found Feoqau's Magic Scroll Emporium.
  5758 | D:5      | Bought a scroll of remove curse for 45 gold pieces
  5872 | D:5      | Found a hide-covered altar of Uskayaw.
  5880 | D:5      | Found a shadowy altar of Dithmenos.
  5937 | D:5      | Reached skill level 1 in Short Blades
  6184 | D:5      | Reached XP level 8. HP: 24/46 MP: 15/15
  6481 | D:6      | Reached skill level 5 in Spellcasting
  6827 | D:6      | Reached skill level 5 in Stealth
  6831 | D:6      | Found a blossoming altar of Fedhas.
  7452 | D:7      | Reached * piety under Sif Muna
  7703 | D:7      | Found Veucs's Distillery.
  7751 | D:7      | Bought a potion of heal wounds for 60 gold pieces
  7933 | D:7      | Reached XP level 9. HP: 42/51 MP: 13/17
  8348 | D:7      | Noticed Duvessa
  8348 | D:7      | Noticed Dowan
  8602 | D:7      | Got a steaming trident
  8603 | D:7      | Identified the +7 trident "Ezxioxic" {speed, rC+} (You found it on level 7 of the Dungeon)
  8650 | D:7      | Got a slimy large shield
  8656 | D:7      | Identified the +0 large shield of Ipneqil {Dex+3 SInv} (You found it on level 7 of the Dungeon)
  8970 | D:7      | Killed Duvessa
  8973 | D:7      | Killed Dowan
  9116 | D:7      | Found a staircase to the Ecumenical Temple.
  9118 | D:7      | Found a faded altar of an unknown god.
  9131 | Temple   | Entered the Ecumenical Temple
  9353 | D:8      | Found a glowing silver altar of Zin.
  9623 | D:8      | Reached ** piety under Sif Muna
 10211 | D:8      | Found a shattered altar of Ashenzari.
 10401 | D:9      | Got a transparent war axe
 10402 | D:9      | Identified the cursed +0 war axe of Purpose {pain, rElec Int+5 SInv} (You found it on level 9 of the Dungeon)
 10430 | D:9      | Found a flagged portal.
 10684 | Bailey   | Entered a bailey
 11002 | Bailey   | Found a bloodstained altar of Trog.
 11271 | D:9      | Reached XP level 10. HP: 56/56 MP: 20/20
 11279 | D:9      | Noticed Erica
 11284 | D:9      | Killed Erica
 11284 | D:9      | Reached *** piety under Sif Muna
 11704 | D:9      | Found a staircase to the Lair.
 11704 | D:9      | Noticed an elephant
 11747 | D:9      | Gained mutation: You are resistant to hostile enchantments. (MR+) [mutagenic meat]
 11748 | D:9      | Gained mutation: You are partially covered in molten scales. (AC +2) [mutagenic meat]
 11749 | D:9      | Gained mutation: You occasionally shout uncontrollably at your foes. [mutagenic meat]
 11750 | D:9      | Gained mutation: One of your tentacles bears a spike. [mutagenic meat]
 11751 | D:9      | Gained mutation: You have an increased reservoir of magic. (+10% MP) [mutagenic meat]
 11975 | D:9      | Killed an elephant
 12167 | D:9      | Lost mutation: You occasionally shout uncontrollably at your foes. [mutagenic meat]
 12621 | D:10     | Entered Level 10 of the Dungeon
 12785 | D:10     | Reached skill level 5 in Conjurations
 12975 | D:10     | Reached **** piety under Sif Muna
 13139 | D:10     | Noticed a gargoyle
 13143 | D:10     | Killed a gargoyle
 13298 | D:10     | Noticed a two-headed ogre
 13331 | D:10     | Killed a two-headed ogre
 13331 | D:10     | Reached XP level 11. HP: 61/61 MP: 5/25
 13699 | D:3      | Killed Sigmund
 13923 | Lair:1   | Entered Level 1 of the Lair of Beasts
 15049 | Lair:1   | Reached skill level 10 in Earth Magic
 15254 | Lair:2   | Reached ***** piety under Sif Muna
 15398 | Lair:2   | Noticed a five-headed hydra
 15467 | Lair:1   | Identified Mijusal's Volume of Creative Confrontation (Sif Muna gifted it to you on level 1 of the Lair of Beasts)
 15467 | Lair:1   | Received a gift from Sif Muna
 15473 | Lair:1   | Learned a level 3 spell: Conjure Flame
 15479 | Lair:1   | Learned a level 5 spell: Bolt of Magma
 15679 | Lair:2   | Killed a five-headed hydra
 15679 | Lair:2   | Reached skill level 1 in Fire Magic
 16779 | Lair:2   | Reached XP level 12. HP: 66/66 MP: 17/27
 17368 | Lair:3   | Reached skill level 1 in Invocations
 17507 | Lair:3   | Found a staircase to the Shoals.
 18432 | Lair:4   | Reached skill level 10 in Conjurations
 18619 | Lair:4   | Found a hole to the Spider Nest.
 19136 | Lair:4   | Reached skill level 10 in Spellcasting
 19801 | Lair:5   | Identified Sick's Incunabulum of Harmful Flames (Sif Muna gifted it to you on level 5 of the Lair of Beasts)
 19801 | Lair:5   | Received a gift from Sif Muna
 19808 | Lair:5   | Learned a level 4 spell: Iskenderun's Mystic Blast
 19812 | Lair:5   | Learned a level 3 spell: Mephitic Cloud
 20470 | Lair:6   | Entered Level 6 of the Lair of Beasts
 20490 | Lair:6   | Reached XP level 13. HP: 71/71 MP: 21/29
 20507 | Lair:6   | Found a dark tunnel.
 20597 | Volcano  | Entered a volcano
 20620 | Volcano  | Noticed Peacelily's ghost (journeyman HOMo)
 20925 | Volcano  | Found a radiant altar of Vehumet.
 20934 | Volcano  | Noticed a stone giant
 21121 | Volcano  | Killed Peacelily's ghost
 21121 | Volcano  | Reached skill level 5 in Fire Magic
 21912 | Lair:6   | Reached skill level 5 in Invocations
 21927 | Lair:6   | Mangled by a dream sheep

Skill      XL: |  1  2  3  4  5  6  7  8  9 10 11 12 13 |
---------------+----------------------------------------+-----
Stealth        | 3 4 6 7 |  7.4
Earth Magic    | 4 5 6 8 9 10 11 | 11.4
Spellcasting   | 3 4 5 7 8 9 10 | 10.4
Dodging        | 3 4 |  4.6
Short Blades   | 1 3 |  3.1
Transmutations | 4 |  4.0
Conjurations   | 6 9 10 11 | 11.4
Fire Magic     | 2 4 5 |  5.1
Invocations    | 4 5 |  5.0

Action                   |  1- 3 |  4- 6 |  7- 9 | 10-12 | 13-15 || total
-------------------------+-------+-------+-------+-------+-------++-------
Melee: Unarmed           |     8 |       |     6 |       |       ||    14
       Dagger            |    86 |    36 |   146 |   231 |    23 ||   522
       Tentacles         |    16 |     8 |    29 |    58 |     8 ||   119
       Constrict         |    22 |    12 |    45 |    50 |     4 ||   133
       Trident           |       |       |    40 |    17 |       ||    57
       War axe           |       |       |    12 |     4 |       ||    16
       Kick              |       |       |       |    73 |     5 ||    78
Throw: Stone             |       |     2 |       |       |       ||     2
 Cast: Sandblast         |     9 |    64 |   103 |    51 |     7 ||   234
       Stone Arrow       |       |       |    14 |    18 |    17 ||    49
       Petrify           |       |       |    11 |   109 |     9 ||   129
       Lee's Rapid Decon |       |       |     7 |    31 |     5 ||    43
       Iskenderun's Myst |       |       |       |       |    24 ||    24
       Bolt of Magma     |       |       |       |       |     6 ||     6
       Mephitic Cloud    |       |       |       |       |     1 ||     1
Invok: Divine Energy     |       |       |     1 |       |       ||     1
       Channel Magic     |       |       |       |     1 |     3 ||     4
Evoke: Wand              |       |       |     1 |       |     4 ||     5
  Use: Potion            |     1 |       |       |     2 |     3 ||     6
       Scroll            |       |     1 |    11 |     8 |     7 ||    27
 Stab: Sleeping          |    12 |     5 |    15 |    13 |       ||    45
       Confused          |       |       |     1 |       |       ||     1
       Petrified         |       |       |    21 |   135 |     6 ||   162
       Petrifying        |       |       |       |     1 |       ||     1
  Eat: Chunk             |     2 |     7 |    23 |    51 |       ||    83
       Fruit             |       |       |     1 |       |       ||     1
       Royal jelly       |       |       |     2 |     2 |       ||     4
Armor: Skin              |     8 |     1 |     7 |    10 |    15 ||    41
Dodge: Dodged            |    48 |    37 |   157 |    76 |    30 ||   348
